 Dungeon Crawl Stone Soup version 0.28.0-1-gb440e238dd (webtiles) character file.

Game seed: 15105521078130273657

110 Crownlay the Bolt Thrower (level 5, -2/30 HPs)
             Began as a Kobold Hunter on Feb 20, 2022.
             Slain by an orc wizard (5 damage)
             ... on level 3 of the Dungeon.
             The game lasted 00:04:00 (3038 turns).

Crownlay the Bolt Thrower (Kobold Hunter)           Turns: 3038, Time: 00:04:00

Health: -2/30      AC: -1    Str:  5    XL:     5   Next: 14%
Magic:  1/1        EV: 15    Int: 15    God:
Gold:   99         SH:  0    Dex: 20    Spells: 4/4 levels left

rFire   . . .      SeeInvis .   m - +7 war axe "Ultimatum" {antimagic, rPois Str-4 Int+2 Dex+3}
rCold   . . .      Faith    .   (no shield)
rNeg    . . .      Spirit   .   c - +0 leather armour
rPois   +          Reflect  .   (no helmet)
rElec   .          Harm     .   (no cloak)
rCorr   .          Rampage  .   (no gloves)
Will    .....                   (no boots)
Stlth   ++++......              (no amulet)
HPRegen 0.10/turn               (no ring)
MPRegen 0.07/turn               (no ring)

@: corroded
A: small, no large weapons, nightstalker 3
a: no special abilities


You were on level 3 of the Dungeon.
You visited 1 branch of the dungeon, and saw 3 of its levels.

You collected 99 gold pieces.

Inventory:

Hand Weapons
 a - a +1 hand crossbow
 b - a +0 short sword
 m - the +7 war axe "Ultimatum" (weapon) {antimagic, rPois Str-4 Int+2 Dex+3}
   (You found it on level 2 of the Dungeon)

   It reduces the magical energy of the wielder, and disrupts the spells and
   magical abilities of those it strikes.
   Natural abilities and divine invocations are not affected.
   Str:       It affects your strength (-4).
   Int:       It affects your intelligence (+2).
   Dex:       It affects your dexterity (+3).
   rPois:     It protects you from poison.
Missiles
 d - 8 bolts
Armour
 c - a +0 leather armour (worn)
Scrolls
 f - a scroll of fog
 g - 3 scrolls of identify
 h - 4 scrolls of teleportation
 j - a scroll of holy word {unknown}
 k - a scroll of amnesia
 l - a scroll of enchant weapon
 n - a scroll of immolation {unknown}
Potions
 e - a potion of lignification {unknown}
 i - a potion of brilliance {unknown}


   Skills:
 - Level 2.1 Fighting
 + Level 5.5 Crossbows
 + Level 3.5 Dodging
 * Level 4.6 Stealth


You had 4 spell levels left.
You didn't know any spells.
Your spell library contained the following spells:

 Spells                   Type           Power      Damage    Failure   Level
 Blade Hands              Tmut           0%         N/A       100%        5
 Irradiate                Conj/Tmut      0%         3d13      100%        5
 Dragon Form              Tmut           0%         N/A       100%        7


Dungeon Overview and Level Annotations

Branches:
Dungeon (3/15)

Altars:


Innate Abilities, Weirdness & Mutations

You are small and have problems with some larger weapons.
You are completely attuned to the shadows.


Message History

No target in view!
No target in view!
There is a stone staircase leading up here.
There is a stone staircase leading down here.
An orc comes into view. It is wielding a +0 whip.
Found a robe.
An orc and an orc wizard come into view.
The orc wizard is wielding a +0 dagger and carrying a wand of acid (6).
The orc wizard moves out of view.
You see here a +0 robe.
The orc shouts!
The orc wizard shouts!
The orc shouts!
You slash the orc!
You kill the orc!
The orc wizard casts a spell at you. You resist with some effort.
You hit the orc. You punch the orc, but do no damage.
The orc is heavily wounded.
The orc hits you but does no damage. The orc wizard casts a spell at you.
The magic dart hits you! The orc hits you with a +0 whip.
You slash the orc!
You kill the orc!
The orc wizard gestures wildly while chanting.
The orc wizard flickers and vanishes!
Deactivating autopickup; reactivate with Ctrl-A.
No target in view!
A puff of flame appears from out of thin air!
The puff of flame hits you.
You hit something. Something hits you but does no damage.
You hit something.
You hear a zap.
A bolt of acid appears from out of thin air!
The bolt of acid hits you!
* * * LOW HITPOINT WARNING * * *
The acid corrodes you!
You hear a zap.
A bolt of acid appears from out of thin air!
The bolt of acid misses you.
You closely miss something. Something hits you.
You die...

#.#####..##.....)..#
#.# #..###.#######
#.# #....#.# #.#
##.#.#.# #.# ####
#.. #.# #.. #.# #.#
.# #.###.####.#.
#..@{........
#####.#......
#.#...... #.#.[)...
#.#..)... #......
#...... .......


There were no monsters in sight!

Vanquished Creatures
  Terence (D:2)
  2 adders
  2 worms (D:2)
  3 dart slugs
  3 orcs (D:3)
  5 ball pythons
  9 endoplasms
  2 giant cockroaches (D:2)
  4 hobgoblins
  3 jackals (D:3)
  3 quokkas
  2 bats
  3 frilled lizards
  2 goblins (D:2)
  3 kobolds
  4 rats
51 creatures vanquished.

Notes
Turn   | Place    | Note
-------+----------+-------------------------------------------
     0 | D:1      | Crownlay the Kobold Hunter began the quest for the Orb.
     0 | D:1      | Reached XP level 1. HP: 12/12 MP: 1/1
   404 | D:1      | Reached XP level 2. HP: 15/17 MP: 2/2
   462 | D:1      | Reached skill level 5 in Crossbows
   711 | D:1      | Found a faded altar of an unknown god.
  1051 | D:2      | Reached XP level 3. HP: 16/21 MP: 3/3
  1261 | D:2      | Noticed Terence
  1271 | D:2      | HP: 1/21 [Terence (3)]
  1275 | D:2      | Killed Terence
  1276 | D:2      | Reached XP level 4. HP: 2/26 MP: 4/4
  1878 | D:2      | Identified the +7 war axe "Ultimatum" {antimagic, rPois
                  | Str-4 Int+2 Dex+3}
  2689 | D:3      | Reached XP level 5. HP: 26/30 MP: 1/5
  3038 | D:3      | Slain by an orc wizard

Illustrated notes

Levels and vault maps discovered:
D:1:      minmay_arrival_solitary_statue, layout_rooms,
          shapermc_ecumenical_altar_mp_highgroup
D:2:      layout_basic, uniq_terence
D:3:      layout_loops_ring, amcnicky_mini_pool_small

Skill      XL: |  1  2  3  4 |
---------------+-------------+-----
Stealth        | 2 3 4 |  4.6
Crossbows      | 5 |  5.5
Dodging        | 3 |  3.5
Fighting       | |  2.1

Action                   |  1- 3 |  4- 6 || total
-------------------------+-------+-------++-------
Melee: Short sword       |    36 |       ||    36
       War axe           |       |    52 ||    52
       Punch             |       |     2 ||     2
 Fire: Hand crossbow     |    45 |    20 ||    65
  Use: Scroll            |       |     4 ||     4
 Stab: Sleeping          |     1 |     7 ||     8
Armor: Leather armour    |     7 |    14 ||    21
Dodge: Dodged            |    33 |    42 ||    75
